CAL
INLAND EMPIRE 66ERS @ BAKERSFIELD BLAZE
05/07/2099
 
TOP OF THE 1ST
Inland Empire 66ers batting - Pitching for Bakersfield Blaze : LHP Ryan Lollar
Pitching: LHP Ryan Lollar
Batting: LHB Josh Walker 0-0: Swinging Strike
0-1: Foul Ball, location: 5FF
0-2: Ball
1-2: Ball
2-2: Ball
3-2: Foul Ball, location: 5DF
3-2: SINGLE (Groundball, 4MD, EV 100.0 MPH)
Batting: LHB Kevin Zarndt 0-0: Ground out 4-3 (Groundball, 4, EV 103.1 MPH)
Josh Walker to second
Batting: LHB John Stevens 0-0: Swinging Strike
0-1: 2-RUN HOME RUN (Flyball, 9D, EV 95.0 MPH), Distance : 363 ft
Batting: RHB Edgar Palomera 0-0: Foul Ball, location: 5SF
0-1: Swinging Strike
0-2: Strikes out swinging
Batting: RHB Chris Phillips 0-0: Ball
1-0: Ball
2-0: SINGLE (Line Drive, 78S, EV 104.4 MPH)
Batting: SHB Guy Epperson 0-0: Ball
1-0: Called Strike
1-1: Swinging Strike
1-2: Foul Ball, location: 2F
1-2: Strikes out swinging
Top of the 1st over - 2 runs, 3 hits, 0 errors, 1 left on base; Inland Empire 2 - Bakersfield 0
BOTTOM OF THE 1ST
Bakersfield Blaze batting - Pitching for Inland Empire 66ers : RHP Joe Ryan
Pitching: RHP Joe Ryan
Batting: LHB Brett Van Slooten 0-0: Ball
1-0: Ball
2-0: Swinging Strike
2-1: Foul Ball, location: 7LDF
2-2: Ball
3-2: Fly out, F6 (Line Drive, 6, EV 67.5 MPH)
Batting: LHB Tobias Hernandez 0-0: Ground out 5-3 (Groundball, 56, EV 83.1 MPH)
Batting: RHB Jason Sweeney 0-0: SINGLE (Line Drive, 78M, EV 102.5 MPH)
Batting: RHB Andy Mason 0-0: Ball
Jason Sweeney steals 2nd base
1-0: Ball
2-0: Ground out 5-3 (Groundball, 56S, EV 77.5 MPH)
Bottom of the 1st over - 0 runs, 1 hit, 0 errors, 1 left on base; Inland Empire 2 - Bakersfield 0
TOP OF THE 2ND
Inland Empire 66ers batting - Pitching for Bakersfield Blaze : LHP Ryan Lollar
Batting: LHB Jamel Adams 0-0: Ball
1-0: Ground out 1-3 (Groundball, P, EV 65.6 MPH)
Batting: RHB Orlando Quinonez 0-0: Swinging Strike
0-1: Ball
1-1: Foul Ball, location: 2F
1-2: Strikes out swinging
Batting: RHB Rodolfo Garcia 0-0: Ball
1-0: Ball
2-0: Ball
3-0: Called Strike
3-1: Fly out, F3 (Line Drive, 34D, EV 68.1 MPH)
Top of the 2nd over - 0 runs, 0 hits, 0 errors, 0 left on base; Inland Empire 2 - Bakersfield 0
BOTTOM OF THE 2ND
Bakersfield Blaze batting - Pitching for Inland Empire 66ers : RHP Joe Ryan
Batting: LHB Jim Passerini 0-0: Ball
1-0: Swinging Strike
1-1: Swinging Strike
1-2: Ball
2-2: Ball
3-2: SINGLE (Line Drive, 4MD, EV 98.1 MPH)
Batting: RHB Keith Burchfield 0-0: Fly out, F9 (Flyball, 89M, EV 96.9 MPH)
Batting: SHB Mickey Montierth 0-0: Ball
1-0: Fielders Choice at 2nd, 6-4 (Groundball, 6, EV 86.3 MPH)
Batting: LHB Bryan Mahoney 0-0: Foul Ball, location: 7LSF
0-1: Fly out, F5 (Popup, 5F, EV 65.0 MPH)
Bottom of the 2nd over - 0 runs, 1 hit, 0 errors, 1 left on base; Inland Empire 2 - Bakersfield 0
TOP OF THE 3RD
Inland Empire 66ers batting - Pitching for Bakersfield Blaze : LHP Ryan Lollar
Batting: LHB Josh Walker 0-0: Ball
1-0: SINGLE (Groundball, 56S, EV 75.6 MPH)
Batting: LHB Kevin Zarndt 0-0: Ball
1-0: Ball
2-0: Ball
3-0: Called Strike
3-1: Bunted foul
3-2: Foul Ball, location: 2F
3-2: Grounds into double play, 4-6-3 (Groundball, 34, EV 90.6 MPH)
Batting: LHB John Stevens 0-0: Ball
1-0: SINGLE (Line Drive, 3D, EV 96.3 MPH)
Batting: RHB Edgar Palomera 0-0: Ball
1-0: Called Strike
1-1: Foul Ball, location: 3F
1-2: Ball
2-2: Strikes out swinging
Top of the 3rd over - 0 runs, 2 hits, 0 errors, 1 left on base; Inland Empire 2 - Bakersfield 0
BOTTOM OF THE 3RD
Bakersfield Blaze batting - Pitching for Inland Empire 66ers : RHP Joe Ryan
Batting: SHB Carlos Pagan 0-0: Ball
1-0: SINGLE (Line Drive, 8LS, EV 107.5 MPH)
Batting: LHB Brett Van Slooten 0-0: Ball
1-0: Ball
2-0: Foul Ball, location: 7LSF
2-1: Ball
3-1: Fly out, F7 (Flyball, 78M, EV 94.4 MPH)
Batting: LHB Tobias Hernandez 0-0: Ball
1-0: Ball
2-0: Called Strike
2-1: SINGLE (Groundball, 34D, EV 100.6 MPH)
Carlos Pagan to second
Runner from 2nd tries for 3rd, SAFE, no throw by RF
Batting: RHB Jason Sweeney 0-0: Ball
1-0: Foul Ball, location: 2F
1-1: Ball
2-1: Ball
Tobias Hernandez steals 2nd base
3-1: Ground out 6-3 (Groundball, 6, EV 86.3 MPH)
Batting: RHB Andy Mason 0-0: Ball
1-0: Called Strike
1-1: Called Strike
1-2: Ball
2-2: Ball
3-2: Strikes out swinging
Bottom of the 3rd over - 0 runs, 2 hits, 0 errors, 2 left on base; Inland Empire 2 - Bakersfield 0
TOP OF THE 4TH
Inland Empire 66ers batting - Pitching for Bakersfield Blaze : LHP Ryan Lollar
Batting: RHB Chris Phillips 0-0: Foul Ball, location: 2F
0-1: Ball
1-1: Ball
2-1: Swinging Strike
2-2: Ball
3-2: Foul Ball, location: 2F
3-2: Foul Ball, location: 25F
3-2: Foul Ball, location: 2F
3-2: Fly out, F3 (Popup, 3F, EV 68.8 MPH)
Batting: SHB Guy Epperson 0-0: Ground out 5-3 (Groundball, 5, EV 106.9 MPH)
Batting: LHB Jamel Adams 0-0: Foul Ball, location: 2F
0-1: Foul Ball, location: 7LMF
0-2: Ball
1-2: Fly out, F7 (Flyball, 7, EV 85.0 MPH)
Top of the 4th over - 0 runs, 0 hits, 0 errors, 0 left on base; Inland Empire 2 - Bakersfield 0
BOTTOM OF THE 4TH
Bakersfield Blaze batting - Pitching for Inland Empire 66ers : RHP Joe Ryan
Batting: LHB Jim Passerini 0-0: SINGLE (Line Drive, 9S, EV 100.0 MPH)
Batting: RHB Keith Burchfield 0-0: Ball
1-0: Fly out, F7 (Flyball, 7, EV 98.8 MPH)
Batting: SHB Mickey Montierth 0-0: Ball
1-0: Foul Ball, location: 3DF
1-1: Called Strike
1-2: Ball
2-2: Foul Ball, location: 2F
2-2: Ball
3-2: SINGLE (Groundball, 56D, EV 97.5 MPH)
Jim Passerini to second
Batting: LHB Bryan Mahoney 0-0: Ball
1-0: Ball
2-0: Called Strike
2-1: Called Strike
2-2: Foul Ball, location: 23FF
2-2: SINGLE (Line Drive, 6MD, EV 110.0 MPH)
Jim Passerini to third
Mickey Montierth to second
Runner from 3rd tries for Home, SAFE, throw by CF to home
Batting: SHB Carlos Pagan 0-0: Ball
1-0: Ball
2-0: Called Strike
2-1: SINGLE (Groundball, 4MD, EV 96.9 MPH)
Mickey Montierth to third
Bryan Mahoney to second
Runner from 3rd tries for Home, SAFE, throw by CF to home
Batting: LHB Brett Van Slooten 0-0: Ball
1-0: Called Strike
1-1: Foul Ball, location: 2RF
1-2: Ball
2-2: Strikes out swinging
Batting: LHB Tobias Hernandez 0-0: Ball
1-0: Ball
2-0: Swinging Strike
2-1: Ball
3-1: TRIPLE (Flyball, 7D, EV 93.8 MPH)
Bryan Mahoney scores
Carlos Pagan scores
Batting: RHB Jason Sweeney 0-0: Called Strike
0-1: Foul Ball, location: 3FF
0-2: SINGLE (Line Drive, 9S, EV 105.6 MPH)
Tobias Hernandez scores
Pitching: RHP Mario Jan
Batting: RHB Andy Mason 0-0: Ball
Jason Sweeney steals 2nd base
1-0: Called Strike
1-1: Foul Ball, location: 5FF
1-2: Strikes out looking
Bottom of the 4th over - 5 runs, 6 hits, 0 errors, 1 left on base; Inland Empire 2 - Bakersfield 5
TOP OF THE 5TH
Inland Empire 66ers batting - Pitching for Bakersfield Blaze : LHP Ryan Lollar
Batting: RHB Orlando Quinonez 0-0: Called Strike
0-1: Called Strike
0-2: Ball
1-2: Ball
2-2: SINGLE (Line Drive, 89S, EV 98.8 MPH)
Batting: RHB Rodolfo Garcia 0-0: Called Strike
0-1: Swinging Strike
0-2: Strikes out swinging
Batting: LHB Josh Walker 0-0: Called Strike
0-1: Swinging Strike
0-2: Foul Ball, location: 7LSF
0-2: Strikes out looking
Batting: LHB Kevin Zarndt 0-0: Ball
1-0: SINGLE (Line Drive, 78S, EV 101.3 MPH)
Orlando Quinonez to second
Batting: LHB John Stevens 0-0: Called Strike
0-1: Foul Ball, location: 7LMF
0-2: Foul Ball, location: 7LSF
0-2: Strikes out swinging
Top of the 5th over - 0 runs, 2 hits, 0 errors, 2 left on base; Inland Empire 2 - Bakersfield 5
BOTTOM OF THE 5TH
Bakersfield Blaze batting - Pitching for Inland Empire 66ers : RHP Mario Jan
Batting: LHB Jim Passerini 0-0: Called Strike
0-1: Ball
1-1: Ball
2-1: Ball
3-1: Fly out, F5 (Popup, 56, EV 67.5 MPH)
Batting: RHB Keith Burchfield 0-0: Fly out, F7 (Flyball, 7D, EV 108.1 MPH)
Batting: SHB Mickey Montierth 0-0: Ground out 3-1 (Groundball, 34S, EV 69.4 MPH)
Bottom of the 5th over - 0 runs, 0 hits, 0 errors, 0 left on base; Inland Empire 2 - Bakersfield 5
TOP OF THE 6TH
Inland Empire 66ers batting - Pitching for Bakersfield Blaze : LHP Ryan Lollar
Batting: RHB Edgar Palomera 0-0: Called Strike
0-1: Swinging Strike
0-2: Ball
1-2: Ball
2-2: Ground out 4-3 (Groundball, 4, EV 86.3 MPH)
Batting: RHB Chris Phillips 0-0: Called Strike
0-1: Fly out, F8 (Line Drive, 78D, EV 96.9 MPH)
Batting: SHB Guy Epperson 0-0: Ball
1-0: Foul Ball, location: 2LF
1-1: Called Strike
1-2: Fly out, F8 (Flyball, 8LXD, EV 78.8 MPH)
Top of the 6th over - 0 runs, 0 hits, 0 errors, 0 left on base; Inland Empire 2 - Bakersfield 5
BOTTOM OF THE 6TH
Bakersfield Blaze batting - Pitching for Inland Empire 66ers : RHP Mario Jan
Batting: LHB Bryan Mahoney 0-0: Swinging Strike
0-1: Ball
1-1: Called Strike
1-2: Strikes out swinging
Batting: SHB Carlos Pagan 0-0: Called Strike
0-1: Ball
1-1: Swinging Strike
1-2: Ball
2-2: Ball
3-2: Foul Ball, location: 7LSF
3-2: Base on Balls
Batting: LHB Brett Van Slooten 0-0: Ball
1-0: SINGLE (Line Drive, 56, EV 98.8 MPH)
Carlos Pagan to second
Batting: LHB Tobias Hernandez 0-0: Called Strike
0-1: Grounds into double play, 3-6-1 (Groundball, 3, EV 101.3 MPH)
Bottom of the 6th over - 0 runs, 1 hit, 0 errors, 1 left on base; Inland Empire 2 - Bakersfield 5
TOP OF THE 7TH
Inland Empire 66ers batting - Pitching for Bakersfield Blaze : LHP Ryan Lollar
Batting: LHB Jamel Adams 0-0: Ball
1-0: Ball
2-0: Fly out, F6 (Popup, 4MD, EV 51.3 MPH)
Batting: RHB Orlando Quinonez 0-0: Ball
1-0: Swinging Strike
1-1: Ball
2-1: Called Strike
2-2: Ground out 5-3 (Groundball, 56S, EV 79.4 MPH)
Batting: RHB Rodolfo Garcia 0-0: SOLO HOME RUN (Flyball, 9D, EV 98.8 MPH), Distance : 361 ft
Batting: LHB Josh Walker 0-0: Ball
1-0: Ground out 2-3 (Groundball, 2R, EV 75.6 MPH)
Top of the 7th over - 1 run, 1 hit, 0 errors, 0 left on base; Inland Empire 3 - Bakersfield 5
BOTTOM OF THE 7TH
Bakersfield Blaze batting - Pitching for Inland Empire 66ers : RHP Mario Jan
Pitching: RHP Chris Sessoms
Batting: RHB Jason Sweeney 0-0: Called Strike
0-1: Ball
1-1: Swinging Strike
1-2: Strikes out swinging
Batting: RHB Andy Mason 0-0: Ball
1-0: Swinging Strike
1-1: Called Strike
1-2: Strikes out swinging
Batting: LHB Jim Passerini 0-0: Fly out, F6 (Line Drive, 6M, EV 66.3 MPH)
Bottom of the 7th over - 0 runs, 0 hits, 0 errors, 0 left on base; Inland Empire 3 - Bakersfield 5
TOP OF THE 8TH
Inland Empire 66ers batting - Pitching for Bakersfield Blaze : LHP Ryan Lollar
Pitching: RHP Shane Mattila
Batting: LHB Kevin Zarndt 0-0: Ground out U3 (Groundball, 34, EV 105.6 MPH)
Batting: LHB John Stevens 0-0: Ball
1-0: Ball
2-0: Ball
3-0: Called Strike
3-1: Swinging Strike
3-2: Ground out 4-3 (Groundball, 4, EV 102.5 MPH)
Batting: RHB Edgar Palomera 0-0: Called Strike
0-1: Foul Ball, location: 5FF
0-2: Ball
1-2: Fly out, F7 (Flyball, 7D, EV 106.3 MPH)
Top of the 8th over - 0 runs, 0 hits, 0 errors, 0 left on base; Inland Empire 3 - Bakersfield 5
BOTTOM OF THE 8TH
Bakersfield Blaze batting - Pitching for Inland Empire 66ers : RHP Chris Sessoms
Batting: RHB Keith Burchfield 0-0: Ball
1-0: Ball
2-0: Fly out, F7 (Flyball, 7LD, EV 92.5 MPH)
Batting: SHB Mickey Montierth 0-0: Ball
1-0: Foul Ball, location: 7LDF
1-1: Ball
2-1: SOLO HOME RUN (Flyball, 89XD, EV 105.0 MPH), Distance : 410 ft
Batting: LHB Bryan Mahoney 0-0: Ball
1-0: SINGLE (Line Drive, 8LS, EV 106.3 MPH)
Batting: SHB Carlos Pagan 0-0: Ball
1-0: Foul Ball, location: 2F
1-1: Fly out, F4 (Line Drive, 4, EV 72.5 MPH)
Batting: LHB Brett Van Slooten 0-0: Foul Ball, location: 3FF
0-1: Ball
Bryan Mahoney is caught stealing 2nd base 2-6
Bottom of the 8th over - 1 run, 2 hits, 0 errors, 0 left on base; Inland Empire 3 - Bakersfield 6
TOP OF THE 9TH
Inland Empire 66ers batting - Pitching for Bakersfield Blaze : RHP Shane Mattila
Pitching: RHP Travis Chandler
Batting: RHB Chris Phillips 0-0: Called Strike
0-1: Ball
1-1: SINGLE (Line Drive, 56D, EV 100.6 MPH)
Batting: SHB Guy Epperson 0-0: Called Strike
0-1: Swinging Strike
0-2: Strikes out swinging
Batting: LHB Jamel Adams 0-0: Ball
1-0: Ball
2-0: Swinging Strike
2-1: Called Strike
2-2: Fielders Choice at 2nd, 1-6 (Groundball, 13, EV 71.3 MPH)
Pinch Hitting: LHB Jonathan Bartolo 0-0: Ground out 4-3 (Groundball, 4S, EV 89.4 MPH)
Top of the 9th over - 0 runs, 1 hit, 0 errors, 1 left on base; Inland Empire 3 - Bakersfield 6
Sunday, May 5th , 2024 - OOTP Baseball 24.11 Build 85